Map: New Repugnancy LE

Players

Marine - Winner!

  • Race: Terran Terran
  • League: Diamond
  • Spawn Location: 1:00

RaxCity

  • Race: Protoss Protoss
  • League: Diamond
  • Spawn Location: 7:00

VOD

Have the link to the VOD?

Description

Time

  • Played on: Feb. 14, 2019, 10:25 p.m.
  • Length: 7:14
Show
View Real Time Build Order
Export as new Build Order

Marine Terran - Winner!

Build Orders:  

Get SALT Encoding   

  12  0:01  SCV  
  13  0:13  SCV  
  14  0:18  Supply Depot  
  14  0:25  SCV  
  15  0:31  Refinery  
  15  0:39  SCV  
  16  0:47  Barracks  
  16  0:51  SCV  
  17  1:04  SCV  
  18  1:16  SCV  
  20  1:34  Orbital Command  
  20  1:37  Reaper  
  20  1:46  Command Center  
  20  2:00  Factory  
  20  2:01  SCV  
  21  2:09  Supply Depot  
  21  2:13  SCV  
  22  2:17  Barracks Reactor  
  22  2:24  Refinery  
  22  2:25  SCV  
  23  2:38  SCV  
  24  2:45  Factory Tech Lab  
  24  2:50  SCV  
  25  2:58  Starport  
  25  2:59  Marine x2  
  25  3:01  Orbital Command  
  25  3:02  SCV  
  28  3:14  SCV  
  29  3:26  SCV, Siege Tank, Marine x2  
  35  3:31  SCV  
  35  3:36  Starport Tech Lab  
  35  3:38  SCV  
  36  3:43  Supply Depot  
  36  3:44  SCV, Marine  
  38  3:49  Marine  
  38  3:50  SCV  
  40  3:56  SCV  
  40  3:59  Siege Tank  
  40  4:02  SCV  
  45  4:05  Banshee, Marine  
  45  4:07  Marine  
  45  4:08  Supply Depot  
  50  4:13  SCV, Supply Depot  
  51  4:17  Refinery  
  51  4:19  SCV  
  51  4:20  Refinery  
  51  4:23  Marine  
  53  4:25  Marine  
  53  4:30  SCV  
  55  4:31  Siege Tank  
  55  4:33  SCV  
  59  4:40  Marine  
  59  4:42  SCV, Marine  
  62  4:47  Banshee  
  65  4:55  SCV x2  
  67  5:01  Marine x2  
  69  5:07  SCV  
  69  5:11  Supply Depot  
  70  5:21  Command Center  
  70  5:23  Command Center  
  70  5:32  Supply Depot  
  70  5:33  SCV x2, Siege Tank, Marine  
  76  5:39  Marine  
  77  5:47  SCV  
  78  5:51  Engineering Bay  
  78  5:52  Engineering Bay  
  78  5:53  SCV, Banshee  
  78  5:54  Supply Depot  
  78  5:55  Supply Depot  
  82  6:24  SCV x2  
  84  6:31  Marine x2  
  84  6:32  Siege Tank  
  86  6:34  Orbital Command  
  86  6:35  Orbital Command  
  85  6:49  Marine  
  85  6:53  SCV x2  
  88  6:59  Barracks x2  
  88  7:00  SCV, Barracks x2  
  88  7:01  Barracks  
Show
View Real Time Build Order
Export as new Build Order

RaxCity Protoss 

Build Orders: 1 Gate Expand, Double Forge, Colossus Rush 

Get SALT Encoding   

  12  0:00  Probe  
  13  0:12  Probe  
  14  0:18  Pylon  
  14  0:25  Probe  
  15  0:34  Probe  
  15  0:38  Gateway  
  15  0:42  Probe  
  17  0:50  Assimilator  
  17  0:51  Probe  
  18  1:03  Probe  
  19  1:15  Probe  
  20  1:31  Cybernetics Core  
  20  1:35  Nexus  
  20  1:38  Probe  
  21  1:43  Assimilator  
  21  1:50  Probe  
  22  1:55  Pylon  
  22  2:02  Probe  
  22  2:07  Warp Gate  
  23  2:13  Stalker  
  23  2:15  Probe  
  26  2:27  Probe  
  27  2:35  Robotics Facility  
  27  2:48  Probe  
  27  2:51  Probe  
  28  3:00  Probe  
  28  3:01  Stalker  
  28  3:03  Probe  
  32  3:08  Gateway  
  32  3:10  Twilight Council  
  32  3:15  Probe  
  32  3:17  Probe  
  33  3:32  Probe x2  
  35  3:35  Observer  
  36  3:44  Sentry  
  36  3:45  Probe x2  
  36  3:48  Assimilator  
  40  3:52  Assimilator  
  40  3:55  Pylon  
  40  3:59  Warp Prism  
  40  4:00  Robotics Bay  
  42  4:05  Probe x2  
  44  4:17  Probe x2  
  46  4:29  Probe x2  
  46  4:30  Stalker x2  
  52  4:38  Forge  
  52  4:39  Forge  
  52  4:40  Observer  
  53  4:47  Extended Thermal Lance  
  53  4:49  Probe  
  54  4:59  Pylon  
  54  5:01  Pylon  
  54  5:07  Colossus  
  54  5:10  Protoss Ground Weapons Level 1  
  54  5:12  Protoss Ground Armor Level 1  
  54  5:13  Pylon  
  54  5:17  Probe  
  61  5:21  Probe  
  61  5:27  Charge  
  62  5:38  Stalker  
  62  5:39  Stalker  
  66  5:59  Gateway  
  66  6:02  Gateway x2  
  66  6:03  Pylon  
  66  6:05  Colossus  
  71  6:28  Stalker x2  
  69  6:44  Pylon  
  64  6:55  Zealot x3  
Tags
 
Add a new tag
Caveats
  • Supply blocks, unpowered buildings, or Contaminate may cause inaccurate times.
  • Supply counts are checked every 10 seconds.